 58 Aisha the Grave Robber (level 3, -6/14 HPs)
             Began as a Felid Necromancer on Oct 2, 2019.
             Mangled by an orc wizard
             ... wielding a +3 dagger of distortion
              (7 damage)
             ... on level 2 of the Dungeon.
             The game lasted 00:06:09 (2333 turns).

Aisha the Grave Robber (Felid Necromancer)          Turns: 2333, Time: 00:06:10

Health: -6/14      AC:  1    Str:  4    XL:     3   Next: 75%
Magic:  5/7        EV: 18    Int: 17    God:
Gold:   38         SH:  0    Dex: 16    Spells: 2/7 levels left
                                        Lives:  0   Deaths: 0

rFire    . . .     SeeInvis +     - Unarmed
rCold    . . .     Gourm    .   (shield unavailable)
rNeg     . . .     Faith    .   (armour unavailable)
rPois    .         Spirit   .   (helmet unavailable)
rElec    .         Reflect  .   (cloak unavailable)
rCorr    .         Harm     .   (gloves unavailable)
MR       .....                  (boots unavailable)
Stlth    +++.......             (no amulet)
HPRegen  0.04/turn              (no ring)
MPRegen  0.10/turn              (no ring)

@: quick
A: very small, no armour, no weapons or thrown items, stealth, claws 1, fangs 3,
see invisible, carnivore, speed 1, shaggy fur 1, slow metabolism 1, sharp paws
a: no special abilities


Innate Abilities, Weirdness & Mutations

You cannot wear armour.
You are incapable of wielding weapons or throwing items.
Your paws allow you to move quietly. (Stealth)
You have sharp claws.
You have razor-sharp teeth.
You have supernaturally acute eyesight. (SInv)
You are carnivorous and can eat meat at any time.
You cover ground quickly.
You are covered in fur. (AC +1)
You have a slow metabolism.
Your sharp claws are effective at attacking unaware monsters.


   Skills:
 - Level 2.6 Dodging
 - Level 2.6 Stealth
 + Level 1.4 Unarmed Combat
 + Level 2.5 Spellcasting
 * Level 4.8 Necromancy


You had 2 spell levels left.
You knew the following spells:

 Your Spells              Type           Power        Failure   Level  Hunger
e - Regeneration          Chrm/Necr      ##........   21%         3    ###....
s - Animate Skeleton      Necr           N/A          2%          1    #......
z - Pain                  Necr           ###.         2%          1    #......

Your spell library contained the following spells:

 Spells                   Type           Power        Failure   Level  Hunger
 Vampiric Draining        Necr           ###.......   8%          3    ###....
 Animate Dead             Necr           N/A          26%         4    #####..

Inventory:

Jewellery
 f - an uncursed ring of protection from magic {unknown}
Scrolls
 a - 2 scrolls of amnesia {unknown}
 d - 2 scrolls of magic mapping {unknown}
 g - 2 scrolls of teleportation {unknown}
 h - 2 scrolls of remove curse {unknown}
 j - 2 scrolls of fear {unknown}
Potions
 c - a potion of cancellation {unknown}
 e - a potion of degeneration {unknown}
 i - a potion of berserk rage {unknown}
 k - a potion of lignification {unknown}
Comestibles
 b - 3 rations {@e1}


Message History

Aim: an orc, wearing a +0 chain mail (hasn't noticed you, chance to defeat MR: 89%)
The orc writhes in agony.
Casting: Pain (safe; 2% risk of failure)
Confirm with . or Enter, or press ? or * to list all spells.
Aiming: Pain (safe; 2% risk of failure)
Press: ? - help, Shift-Dir - straight line, f/p - orc
Aim: an orc, wearing a +0 chain mail (almost dead, chance to defeat MR: 89%)
The orc writhes in agony.
You kill the orc!
The orc wizard points at you and mumbles some strange words.
You are confused.
The orc shouts!
Unknown command.
Unknown command.
Unknown command.
The orc wizard points at you and mumbles some strange words.
The puff of flame hits you!
Ouch! That really hurt!
* * * LOW HITPOINT WARNING * * *
Unknown command.
Unknown command.
Unknown command.
The orc wizard barely misses you.
Unknown command.
You feel less confused.
The orc wizard hits you with a +3 dagger of distortion.
* * * LOW HITPOINT WARNING * * *
Space warps horribly around you!
Ouch! That really hurt!
You die...

Skill      XL: |  1  2 |
---------------+-------+-----
Unarmed Combat | 1 |  1.4
Dodging        | |  2.6
Stealth        | |  2.6
Spellcasting   | |  2.5
Necromancy     | |  4.8

Action                   || total
-------------------------++-------
Melee: Unarmed           ||    26
       Bite              ||     2
 Cast: Pain              ||    39
 Stab: Sleeping          ||     5
  Eat: Chunk             ||    10
Dodge: Dodged            ||    19

Notes
Turn   | Place    | Note
-------+----------+-------------------------------------------
     0 | D:1      | Aisha the Felid Necromancer began the quest for the Orb.
     0 | D:1      | Reached XP level 1. HP: 7/7 MP: 4/4
   400 | D:1      | Reached XP level 2. HP: 4/11 MP: 0/6
  1256 | D:1      | Reached skill level 1 in Unarmed Combat
  1876 | D:2      | Reached XP level 3. HP: 14/14 MP: 5/7
  1879 | D:2      | Learned a level 1 spell: Animate Skeleton
  1883 | D:2      | Learned a level 3 spell: Regeneration
  2333 | D:2      | HP: 1/14 [orc wizard/+3 dagger of distortion (2)]
  2333 | D:2      | Mangled by an orc wizard

Vanquished Creatures
  An orc wizard (D:2)
  2 oozes (D:1)
  A dart slug (D:2)
  An orc (D:2)
  A giant cockroach (D:2)
  3 goblins
  2 hobgoblins (D:1)
  3 bats
  4 frilled lizards
  8 rats
26 creatures vanquished.

Vanquished Creatures (others)
  9 toadstools (D:2)
9 creatures vanquished.

Grand Total: 35 creatures vanquished
